 Dungeon Crawl Stone Soup version 0.30-a0-949-g53dc5368d7 (webtiles) character file.

Game seed: 5139745306756308838

209 2tousent the Sneak (level 6, 0/37 HPs)
             Began as a Kobold Brigand on Mar 27, 2023.
             Slain by Dowan
             ... wielding a +2 dagger of flaming
              (1 damage)
             ... on level 4 of the Dungeon.
             The game lasted 00:03:31 (2409 turns).

2tousent the Sneak (Kobold Brigand)                 Turns: 2409, Time: 00:03:31

Health: 0/37       AC:  5    Str:  8    XL:     6   Next: 12%
Magic:  6/6        EV: 13    Int: 12    God:
Gold:   154        SH:  0    Dex: 19    Spells: 5/5 levels left

rFire   . . .      SeeInvis .    a - +3 dagger
rCold   . . .      Faith    .    (no shield)
rNeg    . . .      Spirit   .    b - +0 robe
rPois   .          Reflect  .    (no helmet)
rElec   .          Rampage  .    c - +1 cloak
rCorr   .                        (no gloves)
Will    .....                    h - +0 pair of boots
Stlth   +++++                    (no amulet)
HPRegen 0.26/turn                (no ring)
MPRegen 0.10/turn                (no ring)

@: grasped by roots, constricted
A: small, no large weapons, nightstalker 3
a: no special abilities


You were on level 4 of the Dungeon.
You visited 1 branch of the dungeon, and saw 4 of its levels.

You collected 154 gold pieces.

Inventory:

Hand Weapons
 a - a +3 dagger (weapon)
Missiles
 d - 11 poisoned darts (quivered)
 e - a curare-tipped dart
Armour
 b - a +0 robe (worn)
 c - a +1 cloak (worn)
 h - a +0 pair of boots (worn)
Jewellery
 o - a ring of resist corrosion
Scrolls
 m - a scroll of noise {unknown}
 q - a scroll of magic mapping {unknown}
Potions
 f - a potion of magic {unknown}
 g - 3 potions of berserk rage
 i - 3 potions of curing
 j - 2 potions of degeneration {unknown}
 k - a potion of haste {unknown}
 l - 6 potions of heal wounds {unknown}
 n - a potion of ambrosia {unknown}
 p - a potion of attraction {unknown}


   Skills:
 + Level 3.4 Fighting
 * Level 5.3 Short Blades
 - Level 2.1 Throwing
 + Level 3.1 Dodging
 + Level 6.4 Stealth


You had 5 spell levels left.
You didn't know any spells.
Your spell library was empty.

Dungeon Overview and Level Annotations

Branches:
Dungeon (4/15)
 Temple: D:4-7

Altars:

Shops:
D:1 *

Annotations:
D:4 Dowan


Innate Abilities, Weirdness & Mutations

You are small and have problems with some larger weapons.
You are completely attuned to the shadows.


Message History

Dowan closely misses you.
You barely miss Dowan.
Dowan is lightly wounded.
Dowan zaps a wand.
The roots erupt in riotous growth!
The grasping roots grab you!
Dowan is unaffected.
The grasping roots constrict you.
The ball python hisses angrily.
You hear an angry hiss. x2
Unknown command.
You hit Dowan.
Dowan is moderately wounded.
Dowan says, "Magic will overcome all!"
Dowan points at you and mumbles some strange words.
The stone arrow hits you! The grasping roots constrict you.
What are your orders? t - Shout!
Orders for allies: a - Attack new target. p - Attack previous target. r - Retreat! s - Stop attacking. g - Guard the area. f - Follow me.
Anything else - Cancel.
Okay, then.
Okay, then.
Throw: 3 darts (curare)
Press: ? - help, Shift-Dir - straight line, f/p - Dowan
Aim: Dowan, wielding a +2 dagger of flaming, wearing a +0 robe and carrying a wand of roots (8) (moderately wounded, fast, 53% to hit)
You throw a curare-tipped dart.
The curare-tipped dart closely misses Dowan.
Dowan gestures at you while chanting. The stone arrow hits you!!
* * * LOW HITPOINT WARNING * * *
The grasping roots constrict you.
* * * LOW HITPOINT WARNING * * *
Throw: 2 darts (curare)
Press: ? - help, Shift-Dir - straight line, f/p - Dowan
Aim: Dowan, wielding a +2 dagger of flaming, wearing a +0 robe and carrying a wand of roots (8) (moderately wounded, fast, 53% to hit)
You throw a curare-tipped dart.
The curare-tipped dart closely misses Dowan.
Dowan hits you with a +2 dagger of flaming.
* * * LOW HITPOINT WARNING * * *
Dowan burns you.
You die...

#.# #.# #.#
#####.###########
.........).......
####(############
#.(..# #....<#
###e####
#.######## #)@.#
#.........
#.S.###
########## ..## .


You could see Dowan (fast) and a ball python.

Vanquished Creatures
  Duvessa (D:4)
  6 adders
  A worm (D:3)
  A dart slug (D:1)
  6 ball pythons
  3 endoplasms
  2 giant cockroaches
  4 goblins
  6 hobgoblins
  2 jackals (D:2)
  4 kobolds
  4 quokkas
  4 bats (D:1)
  2 frilled lizards
  3 rats
49 creatures vanquished.

Notes
Turn   | Place    | Note
-------+----------+-------------------------------------------
     0 | D:1      | 2tousent the Kobold Brigand began the quest for the Orb.
     0 | D:1      | Reached XP level 1. HP: 12/12 MP: 1/1
    66 | D:1      | Found a faded altar of an unknown god.
   142 | D:1      | Reached XP level 2. HP: 18/18 MP: 2/2
   378 | D:1      | Found Joff's General Store.
   412 | D:1      | Reached XP level 3. HP: 22/22 MP: 3/3
  1027 | D:2      | Reached XP level 4. HP: 27/27 MP: 4/4
  1978 | D:3      | Reached skill level 6 in Stealth
  2126 | D:3      | Reached XP level 5. HP: 32/32 MP: 5/5
  2398 | D:4      | Noticed Duvessa
  2399 | D:4      | Noticed Dowan
  2402 | D:4      | Killed Duvessa
  2403 | D:4      | Reached skill level 5 in Short Blades
  2403 | D:4      | Reached XP level 6. HP: 37/37 MP: 6/6
  2409 | D:4      | HP: 1/37 [Dowan/+2 dagger of flaming (1)]
  2409 | D:4      | Slain by Dowan

Illustrated notes

Levels and vault maps discovered:
D:1:      dpeg_arrival_leaves_temple_mockup, layout_basic,
          basic_ecumenical_altar, serial_shops, shop
D:2:      layout_rooms
D:3:      layout_loops_corners, kennysheep_another_room
D:4:      layout_basic, minmay_temple_entry_arrows, kennysheep_orc_chapel,
          uniq_duvessa

Skill      XL: |  1  2  3  4  5 |
---------------+----------------+-----
Short Blades   | 3 4 5 |  5.3
Dodging        | 2 3 |  3.1
Stealth        | 6 |  6.4
Fighting       | 3 |  3.4
Throwing       | |  2.1

Action                     |  1- 3 |  4- 6 || total
---------------------------+-------+-------++-------
  Melee: Dagger            |    54 |    45 ||    99
  Throw: Dart              |       |     4 ||     4
    Use: Scroll            |     2 |     4 ||     6
   Stab: Sleeping          |    19 |     9 ||    28
 Armour: Robe              |     7 |     5 ||    12
  Dodge: Dodged            |    31 |    14 ||    45

Table legend: (Time is in decaauts)
 A = Elapsed time spent in this place.
 B = Non-inter-level travel time spent in this place.
 C = Inter-level travel time spent in this place.
 D = Time resting spent in this place.
 E = Time spent auto-exploring this place.
 F = Levels seen in this place.
 G = Mean time per level.
                   A        B        C        D        E       F      G
               +--------+--------+--------+--------+--------+-----+--------+
         Total |   2389 |   2276 |    113 |      0 |   1972 |   4 |  597.2 |
       Dungeon |   2389 |   2276 |    113 |      0 |   1972 |   4 |  597.2 |
               +--------+--------+--------+--------+--------+-----+--------+

Top non-repeatable levels by time:
     D:3: 962 daAuts
     D:1: 825 daAuts
     D:2: 550 daAuts
     D:4: 50 daAuts
